 Dungeon Crawl Stone Soup version 0.28-a0-1545-g945cd3f27e (webtiles) character file.

Game seed: 13360115633545837089

23 BritishOli the Ducker (level 2, -1/23 HPs)
             Began as a Demonspawn Gladiator on Jan 18, 2022.
             Slain by a gnoll (8 damage)
             ... on level 2 of the Dungeon.
             The game lasted 00:00:21 (267 turns).

BritishOli the Ducker (Demonspawn Gladiator)         Turns: 267, Time: 00:00:22

Health: -1/23      AC:  4    Str: 14    XL:     2   Next: 75%
Magic:  2/2        EV: 12    Int:  9    God:
Gold:   0          SH:  0    Dex: 14    Spells: 1/1 levels left

rFire   . . .      SeeInvis .   a - +0 war axe
rCold   . . .      Faith    .   (no shield)
rNeg    . . .      Spirit   .   b - +0 leather armour
rPois   .          Reflect  .   c - +0 helmet
rElec   .          Harm     .   (no cloak)
rCorr   .          Rampage  .   (no gloves)
Will    .....                   (no boots)
Stlth   +.........              e - amulet of the acrobat
HPRegen 0.07/turn               (no ring)
MPRegen 0.08/turn               (no ring)

@: no status effects
A: claws 1
a: no special abilities


You were on level 2 of the Dungeon.
You visited 1 branch of the dungeon, and saw 2 of its levels.

Inventory:

Hand Weapons
 a - a +0 war axe (weapon)
Missiles
 d - 3 throwing nets (quivered)
Armour
 b - a +0 leather armour (worn)
 c - a +0 helmet (worn)
Jewellery
 e - an amulet of the acrobat (around neck)
Scrolls
 f - a scroll of teleportation {unknown}


   Skills:
 + Level 2.3 Fighting
 + Level 3.0 Axes
 + Level 2.1 Throwing
 + Level 3.0 Dodging


You had one spell level left.
You didn't know any spells.
Your spell library contained the following spells:

 Spells                   Type           Power      Damage    Failure   Level
 Magic Dart               Conj           0%         1d3       45%         1
 Searing Ray              Conj           0%         2d4       61%         2
 Fulminant Prism          Conj/Hex       0%         3d6       99%         4


Dungeon Overview and Level Annotations

Branches:
Dungeon (2/15)

Altars:


Innate Abilities, Weirdness & Mutations

You have sharp fingernails.


Message History

You slash the adder!
You kill the adder!
A gnoll comes into view. It is wielding a +0 spear.
Your Axes skill increases to level 3!
Your Dodging skill increases to level 3!
There are monsters nearby!
You hit the gnoll but do no damage. The gnoll barely misses you.
The gnoll misses you.
There are monsters nearby!
You barely miss the gnoll. The gnoll barely misses you.
The gnoll hits you but does no damage.
The gnoll hits you from afar with a +0 spear.
There are monsters nearby!
You closely miss the gnoll. The gnoll barely misses you.
The gnoll hits you but does no damage.
There are monsters nearby!
You barely miss the gnoll. The gnoll hits you with a +0 club.
The gnoll barely misses you. x2
There are monsters nearby!
You hit the gnoll.
The gnoll is lightly wounded.
The gnoll hits you from afar with a +0 spear.
The gnoll completely misses you. The gnoll closely misses you.
There are monsters nearby!
You hit the gnoll.
The gnoll is lightly wounded.
The gnoll hits you with a +0 club.
The gnoll hits you from afar with a +0 spear.
There are monsters nearby!
You are too injured to fight recklessly!
Unknown command.
You are too injured to fight recklessly!
Unknown command.
You are too injured to fight recklessly!
Unknown command.
You are too injured to fight recklessly!
You hit the gnoll.
The gnoll is heavily wounded.
The gnoll hits you from afar with a +0 spear!
You die... .# .# <# .# g# .# #####################†# ................@ggg..# #######################

You could see 3 gnolls.

Vanquished Creatures
  2 adders (D:2)
  A bat (D:2)
  An endoplasm (D:2)
  A hobgoblin (D:1)
  A frilled lizard (D:2)
6 creatures vanquished.

Notes
Turn   | Place    | Note
-------+----------+-------------------------------------------
     0 | D:1      | BritishOli the Demonspawn Gladiator began the quest for the
                  | Orb.
     0 | D:1      | Reached XP level 1. HP: 16/16 MP: 1/1
   136 | D:1      | You fall into a shaft and drop 1 floor!
   179 | D:2      | Gained mutation: You have sharp fingernails. [demonic
                  | ancestry]
   179 | D:2      | Reached XP level 2. HP: 18/22 MP: 2/2
   267 | D:2      | Slain by a gnoll

Illustrated notes

Levels and vault maps discovered:
D:1:      dpeg_arrival_water_temple_mockup, layout_basic
D:2:      layout_basic

Skill      XL: |  1  2 |
---------------+-------+-----
Throwing       | 2 |  2.1
Axes           | 3 |  3.0
Dodging        | 3 |  3.0
Fighting       | |  2.3

Action                   || total
-------------------------++-------
Melee: War axe           ||    23
Armor: Leather armour    ||     4
Dodge: Dodged            ||    20

Table legend: (Time is in decaauts)
 A = Elapsed time spent in this place.
 B = Non-inter-level travel time spent in this place.
 C = Inter-level travel time spent in this place.
 D = Time resting spent in this place.
 E = Time spent auto-exploring this place.
 F = Levels seen in this place.
 G = Mean time per level.
                   A        B        C        D        E       F      G
               +--------+--------+--------+--------+--------+-----+--------+
         Total |    274 |    274 |      0 |      0 |    213 |   2 |  137.0 |
       Dungeon |    274 |    274 |      0 |      0 |    213 |   2 |  137.0 |
               +--------+--------+--------+--------+--------+-----+--------+

Top non-repeatable levels by time:
     D:1: 138 daAuts
     D:2: 136 daAuts
